 Dungeon Crawl Stone Soup version 0.19.5 (webtiles) character file.

273 miragecloak the Stinger (level 6, 0/51 HPs)
             Began as a Naga Transmuter on Apr 19, 2017.
             Slain by a goblin
             ... wielding a +0 trident
              (6 damage)
             ... on level 3 of the Dungeon.
             The game lasted 00:03:19 (3189 turns).

miragecloak the Stinger (Naga Transmuter)           Turns: 3189, Time: 00:03:20

Health: 0/51       AC:  2    Str: 12    XL:     6   Next: 24%
Magic:  4/9        EV: 19    Int: 13    God:
Gold:   94         SH:  0    Dex: 19    Spells: 2 memorised, 5 levels left

rFire  . . .     SeeInvis +       - Unarmed
rCold  . . .     Gourm    .     (armour currently unavailable)
rNeg   . . .     Faith    .     (shield currently unavailable)
rPois  x         Spirit   .     (helmet currently unavailable)
rElec  .         Reflect  .     (cloak currently unavailable)
rCorr  .         Harm     .     (gloves currently unavailable)
MR     .....                    (no barding)
Stlth  ++........               (no amulet)
                                (no ring)
                                (no ring)

@: lethally poisoned (0 -> -2), spider-form
A: see invisible, (deformed body), (poison resistance), (slowness 0), slow
metabolism 1, spit poison 1, AC +2
a: Spit Poison, End Transformation


You were on level 3 of the Dungeon.
You were not hungry.
You were a venomous arachnid creature.
You visited 1 branch of the dungeon, and saw 3 of its levels.

You collected 94 gold pieces.

Inventory:

Missiles
 a - 61 arrows
Armour
 b - a +0 robe (melded)
 s - a +0 leather armour of fire resistance
Wands
 u - a wand of random effects (12/48)
Scrolls
 e - 5 scrolls of remove curse {unknown}
 f - 2 scrolls of enchant armour {unknown}
 g - 3 scrolls of recharging {unknown}
 j - a scroll of random uselessness {unknown}
 k - 2 scrolls of blinking {unknown}
 l - a scroll of noise {unknown}
 q - a scroll of teleportation {unknown}
 t - 2 scrolls of identify {unknown}
Potions
 h - a potion of might {unknown}
 m - 3 potions of curing {unknown}
 n - a potion of brilliance {unknown}
 r - a potion of heal wounds {unknown}
 v - 2 potions of degeneration {unknown}
 x - a potion of cure mutation {unknown}
Books
 c - a book of Changes

   Spells                             Type                      Level
   a - Beastly Appendage              Transmutation                1
   b - Sticks to Snakes               Transmutation                2
   c - Spider Form                    Transmutation/Poison         3
   d - Ice Form                       Ice/Transmutation            4
   e - Blade Hands                    Transmutation                5
Comestibles
 d - a bread ration
 i - a royal jelly
 o - 3 meat rations
 p - 2 slices of pizza
 w - 2 chunks of flesh


   Skills:
 - Level 1.0 Fighting
 - Level 1.5 Dodging
 + Level 4.6 Unarmed Combat
 - Level 2.0 Spellcasting
 - Level 3.3 Transmutations
 - Level 5.0 Poison Magic


You had 5 spell levels left.
You knew the following spells:

 Your Spells              Type           Power        Failure   Level  Hunger
a - Beastly Appendage     Tmut           ##....       24%         1    ##.....
b - Spider Form           Tmut/Pois      ##........   32%         3    ####...


Dungeon Overview and Level Annotations

Branches:
Dungeon (3/15)

Altars:


Innate Abilities, Weirdness & Mutations

You cannot wear boots.
((Your serpentine skin is tough. (AC +2)))
You have supernaturally acute eyesight. (SInv)
((Armour fits poorly on your strangely shaped body.))
((Your system is resistant to poisons. (rPois)))
((You cover ground very slowly.))
You have a slow metabolism.
You can spit poison.


Message History

Things that are here:
a halberd; a chunk of flesh
Things that are here:
a poisoned needle; a stone Your transformation has ended.
Your +0 robe unmelds from your body.
You feel sick.
You feel sick.
The goblin hits you from afar with a trident!
* * * LOW HITPOINT WARNING * * *
Things that are here:
a poisoned needle; a stone
Casting: Spider Form
Confirm with . or Enter, or press ? or * to list all spells.
You turn into a venomous arachnid creature.
Your +0 robe melds into your body.
You feel sick. The goblin misses you.
Things that are here:
a halberd; a chunk of flesh You hit the goblin but do no damage.
The goblin hits you with a trident.
You die...

#########.#..##.....# ###....##
...#................# #.......
..........##<......># #.#..#
......>....###....(.#####...#
.......<...####.†..........## ##
.........÷..........#####.###....
...........####.......###........
............>...)(....##..#......
..........###..)s#######.......##
...#.....## #.##g####...........#
#############.##..............#.#
#..........#.......<.# #
..###...(........#####
#.............# #................
#.............##..
#..........#### ##


You could see a goblin.

Vanquished Creatures
  A sky beast (D:2)
  Natasha (thrice) (D:3)
  4 gnolls (D:3)
  2 adders
  2 dart slugs
  5 leopard geckos
  A giant cockroach (D:1)
  4 hobgoblins
  3 quokkas
  5 bats
  3 frilled lizards
  3 goblins (D:2)
  9 kobolds
  6 rats
51 creatures vanquished.

Notes
Turn   | Place    | Note
-------+----------+-------------------------------------------
     0 | D:1      | miragecloak the Naga Transmuter began the quest for the Orb.
     0 | D:1      | Reached XP level 1. HP: 18/18 MP: 3/3
   367 | D:1      | Reached XP level 2. HP: 13/25 MP: 5/5
  1631 | D:2      | Reached XP level 3. HP: 27/31 MP: 4/6
  1765 | D:2      | Learned a level 3 spell: Spider Form
  1839 | D:2      | Reached skill level 1 in Poison Magic
  2410 | D:2      | Reached skill level 2 in Poison Magic
  2566 | D:2      | Noticed a sky beast
  2584 | D:2      | Killed a sky beast
  2584 | D:2      | Reached skill level 5 in Poison Magic
  2584 | D:2      | Reached XP level 4. HP: 19/38 MP: 1/7
  2584 | D:2      | Reached XP level 5. HP: 23/44 MP: 1/8
  2761 | D:3      | Noticed Natasha
  2767 | D:3      | Killed Natasha
  2774 | D:3      | Noticed Natasha
  2783 | D:3      | Killed Natasha
  2904 | D:3      | Noticed Natasha
  2911 | D:3      | Killed Natasha
  3151 | D:3      | Reached XP level 6. HP: 43/51 MP: 6/9
  3189 | D:3      | Slain by a goblin

Skill      XL: |  1  2  3  4  5 |
---------------+----------------+-----
Transmutations | 3 |  3.3
Poison Magic   | 5 |  5.0
Unarmed Combat | 4 |  4.6
Fighting       | |  1.0
Dodging        | |  1.5
Spellcasting   | |  2.0

Action                   |  1- 3 |  4- 6 || total
-------------------------+-------+-------++-------
Melee: Unarmed           |   135 |    54 ||   189
       Headbutt          |    15 |       ||    15
       Punch             |     1 |       ||     1
 Cast: Beastly Appendage |    27 |       ||    27
       Spider Form       |     2 |     6 ||     8
 Abil: Spit Poison       |     1 |       ||     1
  Eat: Chunk             |     4 |     3 ||     7
Armor: Robe              |    20 |       ||    20
       Skin              |       |     6 ||     6
Dodge: Dodged            |    94 |    53 ||   147
